 Dungeon Sprint DCSS version 0.20-b1-24-gb21faa7 (webtiles) character file.

2103 potatolord6000 the Fighter (level 9, -12/117 HPs)
             Began as a Demonspawn Gladiator on May 25, 2017.
             Was an Initiate of Gozag.
             Mangled by a four-headed hydra (13 damage)
             ... in the Dungeon (Sprint IX: "|||||||||||||||||||||||||||||").
             The game lasted 00:02:36 (621 turns).

potatolord6000 the Fighter (Demonspawn Gladiator)    Turns: 621, Time: 00:02:37

Health: -12/117    AC: 12    Str: 23    XL:     9   Next: 7%
Magic:  0/15       EV: 19    Int: 13    God:    Gozag
Gold:   711        SH:  0    Dex: 17    Spells: 16/16 levels left

rFire    . . .     SeeInvis .   m - +2 scimitar (flame)
rCold    . . .     Gourm    .   (no shield)
rNeg     . . .     Faith    .   b - +2 leather armour
rPois    .         Spirit   +   c - +0 helmet
rElec    .         Reflect  .   a - +0 cloak
rCorr    .         Harm     .   (no gloves)
MR       .....     NoTele   +   n - +0 pair of boots
Stlth    ..........             (no amulet)
Regen    0.3/turn               p - +3 ring of dexterity
MPRegen  0.2/turn               o - +3 ring of intelligence

@: berserking, gold aura, very quick
A: claws 2, iridescent scales 1, magic shield, rot immunity
a: Potion Petition, Call Merchant, Bribe Branch, Renounce Religion


You were in the Dungeon.
You worshipped Gozag.
Gozag was pleased with you.
You were not hungry.

You visited 1 branch You collected 711 gold pieces.

Inventory:

Hand Weapons
 m - a +2 scimitar of flaming (weapon)
Armour
 a - a +0 cloak (worn)
 b - a +2 leather armour (worn)
 c - a +0 helmet (worn)
 n - a +0 pair of boots (worn)
Jewellery
 o - a +3 ring of intelligence (right claw)
 p - a +3 ring of dexterity (left claw)
Scrolls
 h - 4 scrolls of remove curse
 k - 3 scrolls of blinking
 l - 2 scrolls of amnesia
 s - a scroll of recharging
 t - a scroll of fear
Potions
 d - a potion of invisibility
 e - 4 potions of curing
 i - 4 potions of magic
 j - a potion of agility
 q - a potion of berserk rage
Comestibles
 f - a bread ration


   Skills:
 + Level 10.2 Fighting
 + Level 9.7 Long Blades
 - Level 1.7 Throwing
 + Level 9.2 Armour
 + Level 9.6 Dodging
 + Level 4.2 Spellcasting


You had 16 spell levels left.
You didn't know any spells.

Dungeon Overview and Level Annotations

Branches:
Dungeon (1/1)

Altars:
Cheibriados
Dithmenos
Elyvilon
Fedhas
Gozag
Hepliaklqana
Kikubaaqudgha
Makhleb
Nemelex Xobeh
Okawaru
Qazlal
Ru
Sif Muna
Trog
Uskayaw
Vehumet
Xom
Yredelemnul
Zin
The Shining One
Beogh
Jiyva
Lugonu


Innate Abilities, Weirdness & Mutations

You have very sharp fingernails.
You are partially covered in iridescent scales. (AC +2)
When hurt, damage is shared between your health and your magic reserves.
You are immune to rotting.


Message History

Unknown command.
Unknown command.
You barely miss the five-headed hydra.
The five-headed hydra is lightly wounded.
The five-headed hydra bites you!
* * * LOW HITPOINT WARNING * * *
The five-headed hydra completely misses you.
The five-headed hydra misses you.
The five-headed hydra barely misses you. x2
Unknown command.
Unknown command.
You lop one of the five-headed hydra's heads off!
The flame cauterises the wound!
You slash the four-headed hydra! You burn the four-headed hydra!
The four-headed hydra is heavily wounded.
The four-headed hydra misses you.
The four-headed hydra bites you but does no damage.
The four-headed hydra bites you!
You die...
Your body crumbles into a pile of gold.

▓.▓.▓.▓
▓)▓.▓.▓
$
▓:▓.▓.▓
$
▓(▓.▓.▓
$
▓.▓.▓'▓
$
▓.▓.▓_▓
$
▓.▓.▓_▓
$
▓.▓.▓_▓
$
▓@▓.▓_▓
$
▓D▓.▓_▓
$
▓S▓.▓_▓
$
▓Y▓.▓_▓
$
▓r▓.▓_▓
$
▓.▓.▓_▓
$
▓.▓.▓_▓
▓.▓.▓_▓
$ ▓.▓_▓


You could see a four-headed hydra, a yak, a water moccasin and a porcupine.

Vanquished Creatures
  A hydra (D)
  A two-headed ogre (D)
  A hippogriff (D)
  A water moccasin (D)
  A porcupine (D)
  An ogre (D)
  2 bullfrogs (D)
  A killer bee (D)
  A jelly (D)
  A hound (D)
  An orc wizard (D)
  A quasit (D)
  An adder (D)
  2 shadow imps (D)
  An adder skeleton (D)
  A dart slug (D)
  An orc (D)
  A giant cockroach (D)
  A quokka (D)
  A ball python skeleton (D)
  A bat (D)
  A jackal zombie (D)
  3 rats (D)
27 creatures vanquished.

Notes
Turn   | Place    | Note
-------+----------+-------------------------------------------
     0 | D        | potatolord6000 the Demonspawn Gladiator began the quest for the Orb.
     0 | D        | Reached XP level 1. HP: 16/16 MP: 1/1
    13 | D        | Reached skill level 1 in Armour
    40 | D        | Noticed an orc wizard
    57 | D        | Killed an orc wizard
    57 | D        | Reached skill level 3 in Fighting
    57 | D        | Gained mutation: You have sharp fingernails. [demonic ancestry]
    57 | D        | Reached XP level 2. HP: 11/24 MP: 2/2
    57 | D        | Gained mutation: You are immune to rotting. [demonic ancestry]
    57 | D        | Reached XP level 3. HP: 13/29 MP: 3/3
    72 | D        | Found a roughly hewn altar of Beogh.
    72 | D        | Found a snail-covered altar of Cheibriados.
    72 | D        | Found a shadowy altar of Dithmenos.
    72 | D        | Found a white marble altar of Elyvilon.
    72 | D        | Found a blossoming altar of Fedhas.
    72 | D        | Found an opulent altar of Gozag.
    73 | D        | Found a hazy altar of Hepliaklqana.
    74 | D        | Found a viscous altar of Jiyva.
    75 | D        | Found an ancient bone altar of Kikubaaqudgha.
    76 | D        | Found a corrupted altar of Lugonu.
    77 | D        | Found a burning altar of Makhleb.
    78 | D        | Found a sparkling altar of Nemelex Xobeh.
    79 | D        | Found an iron altar of Okawaru.
    80 | D        | Found a stormy altar of Qazlal.
    83 | D        | Found a sacrificial altar of Ru.
    86 | D        | Became a worshipper of Gozag Ym Sagoz the Greedy
    89 | D        | Found a deep blue altar of Sif Muna.
    90 | D        | Found a bloodstained altar of Trog.
    91 | D        | Found a hide-covered altar of Uskayaw.
    92 | D        | Found a radiant altar of Vehumet.
    94 | D        | Found a shimmering altar of Xom.
    95 | D        | Found a basalt altar of Yredelemnul.
    96 | D        | Found a glowing silver altar of Zin.
    97 | D        | Found a glowing golden altar of the Shining One.
   267 | D        | Noticed a killer bee
   267 | D        | Noticed a two-headed ogre
   270 | D        | Reached skill level 4 in Fighting
   270 | D        | Gained mutation: You have very sharp fingernails. [demonic ancestry]
   270 | D        | Reached XP level 4. HP: 36/38 MP: 4/4
   279 | D        | Killed a two-headed ogre
   279 | D        | Reached skill level 8 in Fighting
   279 | D        | Reached XP level 5. HP: 32/51 MP: 5/5
   279 | D        | Gained mutation: You are partially covered in iridescent scales. (AC +2) [demonic ancestry]
   279 | D        | Reached XP level 6. HP: 36/57 MP: 6/6
   279 | D        | Reached XP level 7. HP: 40/63 MP: 7/7
   462 | D        | Reached skill level 9 in Fighting
   462 | D        | Gained mutation: When hurt, damage is shared between your health and your magic reserves. [demonic ancestry]
   462 | D        | Reached XP level 8. HP: 59/71 MP: 8/8
   585 | D        | Noticed a hippogriff
   585 | D        | Noticed an eight-headed hydra
   588 | D        | Noticed a six-headed hydra
   592 | D        | Reached skill level 1 in Spellcasting
   605 | D        | Killed a hippogriff
   618 | D        | Killed a four-headed hydra
   618 | D        | Reached skill level 10 in Fighting
   618 | D        | Reached XP level 9. HP: 16/78 MP: 0/15
   620 | D        | HP: 1/117 [five-headed hydra (15)]
   621 | D        | Mangled by a four-headed hydra

Skill      XL: |  1  2  3  4  5  6  7  8 |
---------------+-------------------------+-----
Long Blades    | 4 8 9 |  9.7
Armour         | 2 3 7 8 9 |  9.2
Dodging        | 3 4 8 9 |  9.6
Fighting       | 3 4 8 9 10 | 10.2
Spellcasting   | 4 |  4.2
Throwing       | |  1.7

Action                   |  1- 3 |  4- 6 |  7- 9 || total
-------------------------+-------+-------+-------++-------
Melee: Long sword        |    32 |       |       ||    32
       Scimitar          |     3 |     7 |    52 ||    62
  Use: Potion            |     2 |     1 |     7 ||    10
       Scroll            |       |       |     2 ||     2
 Stab: Distracted        |       |       |     1 ||     1
Armor: Leather armour    |     9 |     2 |    23 ||    34
Dodge: Dodged            |    25 |     6 |    75 ||   106
       Rpst.: Long sword |     7 |       |       ||     7
       Scimitar          |     2 |     2 |     8 ||    12
